AoeStats
← Thefuture

Arabia

510557716Analyzed
1v1 RM · 20h ago on Oct 1, 2026· 52m 44s· 2 players
Game mode
Random Map
Map size
Tiny (2 player)
Population
200
Speed
Normal
Resources
Standard
Victory
Conquest
Starting age
Dark Age
Ending age
Imperial Age
RankedLock teamsTeams togetherTeam positionsShared explorationLock speedFull tech treeHidden civsTurbo modeCheats
Victory
Defeat
🇧🇷 Britons · Brazil
1178
+17
🇿🇦 Malians · South Africa
1193
-17
Thefuture
2:52 Loom
10:33 Feudal Age
11:12 Double-Bit Axe
20:04 Castle Age
20:24 Gold Mining
20:59 Fletching
21:54 Horse Collar
24:10 Crossbowman
24:54 Padded Archer Armor
27:03 Wheelbarrow
27:14 Bodkin Arrow
33:37 Ballistics
37:33 Hand Cart
40:07 Light Cavalry
44:38 Imperial Age
43:03 Gold Shaft Mining
46:03 Leather Archer Armor
46:00 Bracer
46:20 Scale Barding Armor
46:26 Forging
48:00 Arbalester
49:39 Chain Barding Armor
52:45 Conscription
Smitealot_aoe
7:40 Loom
10:11 Feudal Age
10:14 Man-at-Arms
11:21 Horse Collar
19:36 Double-Bit Axe
23:28 Castle Age
22:45 Fletching
23:02 Scale Barding Armor
23:43 Bloodlines
23:36 Gold Mining
25:33 Husbandry
25:58 Elite Skirmisher
27:58 Heavy Plow
28:40 Bodkin Arrow
30:49 Chain Barding Armor
42:26 Wheelbarrow
42:16 Scale Mail Armor
42:27 Forging
47:02 Imperial Age
46:45 Hand Cart
47:55 Town Watch
48:39 Squires
48:30 Cavalier
49:14 Padded Archer Armor
53:34 Leather Archer Armor
Connection lost

Rejoining the realm…

Still unreachable

The connection could not be restored.

Session expired

The server has moved on; the page needs a fresh start.